 Dungeon Crawl Stone Soup version 0.20.1-1-g8b1a95d (webtiles) character file.

768 letownia2 the Grave Robber (level 7, -4/60 HPs)
             Began as a Deep Dwarf Necromancer on Dec 16, 2017.
             Slain by Tramtrist's ghost (7 damage)
             ... on level 6 of the Dungeon.
             The game lasted 00:10:56 (3609 turns).

letownia2 the Grave Robber (Deep Dwarf Necromancer) Turns: 3609, Time: 00:10:56

Health: -4/60      AC:  5    Str: 12    XL:     7   Next: 52%
Magic:  2/13       EV: 10    Int: 17    God:
Gold:   138        SH:  0    Dex: 13    Spells: 10/14 levels left

rFire    . . .     SeeInvis .   n - +0 war axe (venom)
rCold    . . .     Gourm    .   (no shield)
rNeg     + . .     Faith    .   w - +0 ring mail
rPois    .         Spirit   .   (no helmet)
rElec    .         Reflect  .   (no cloak)
rCorr    .         Harm     .   (no gloves)
MR       +....                  (no boots)
Stlth    +.........             (no amulet)
Regen    0.0/turn               C - ring of positive energy
MPRegen  0.2/turn               (no ring)

@: non-regenerating, drained
A: damage resistance, heal wounds, sense surroundings 1, no regeneration
a: Heal Wounds


You were on level 6 of the Dungeon.
You were hungry.

You visited 1 branch of the dungeon, and saw 6 of its levels.

You collected 138 gold pieces.

Inventory:

Hand Weapons
 a - a +0 short sword
 n - a +0 war axe of venom (weapon)
 p - a +0 dagger of draining
 s - a +2 long sword of holy wrath
Missiles
 f - 14 bolts
 v - 3 curare-tipped needles
Armour
 q - a cursed -1 chain mail
 w - a +0 ring mail (worn)
 x - the +2 robe "Gussudgh" {rElec MP+9 Str-3 Int-5 Slay+4, unknown}
   (You found it on level 4 of the Dungeon)

   It affects your strength (-3).
   It affects your intelligence (-5).
   It affects your accuracy and damage with ranged weapons and melee attacks
   (+4).
   It insulates you from electricity.
   It affects your magic capacity (+9).
Jewellery
 z - an uncursed amulet of harm
 C - a ring of positive energy (left hand)
Wands
 y - a wand of disintegration (16/24)
Scrolls
 d - a scroll of amnesia {unknown}
 g - a scroll of magic mapping {unknown}
 h - 2 scrolls of teleportation {unknown}
 i - a scroll of fear {unknown}
 k - 2 scrolls of recharging {unknown}
 m - 3 scrolls of remove curse {unknown}
 o - 3 scrolls of enchant armour {unknown}
 r - 2 scrolls of identify {unknown}
 B - a scroll of blinking {unknown}
Potions
 e - 2 potions of curing {unknown}
 u - a potion of ambrosia {unknown}
 A - a potion of brilliance {unknown}
Books
 b - a book of Necromancy

   Spells                             Type                      Level
   a - Pain                           Necromancy                   1
   b - Animate Skeleton               Necromancy                   1
   c - Vampiric Draining              Necromancy                   3
   d - Regeneration                   Charms/Necromancy            3
   e - Animate Dead                   Necromancy                   4
   f - Control Undead                 Necromancy                   4
Comestibles
 c - 3 bread rations
 j - 3 meat rations
 l - 2 fruits
 t - a royal jelly


   Skills:
 + Level 2.1(1.5) Fighting
 + Level 2.6(2.0) Axes
 - Level 2.1(1.5) Dodging
 - Level 2.4(1.8) Stealth
 - Level 4.1(3.5) Spellcasting
 + Level 7.8(7.1) Necromancy


You had 10 spell levels left.
You knew the following spells:

 Your Spells              Type           Power        Failure   Level  Hunger
a - Pain                  Necr           ####         1%          1    None
v - Vampiric Draining     Necr           ####......   6%          3    ###....


Dungeon Overview and Level Annotations

Branches:
Dungeon (6/15)
 Temple: D:4-7

Altars:

Annotations:
D:3 TotoDurand's ghost, weakling DrFi
D:4 letownia2's ghost, amateur DDNe
D:5 Quirk's ghost, amateur MiFi
D:6 Menkaure; Tramtrist's ghost, novice GrBe


Innate Abilities, Weirdness & Mutations

You are resistant to damage.
You can heal yourself by infusing magical energy.
You passively map a small area around you.
You do not regenerate.


Message History

Okay, then.
Put on which piece of jewellery? (? for menu, Esc to quit)
Okay, then.
Evoke which item? (* to show all) (? for menu, Esc to quit)
Okay, then.
You barely miss Menkaure.
Menkaure is lightly damaged.
You barely miss the hound skeleton. You closely miss Tramtrist's ghost.
You are no longer poisoned.
The hound skeleton barely misses you. Menkaure barely misses you.
Tramtrist's ghost hits you but does no damage.
Unknown command.
You hit Menkaure.
Menkaure is moderately damaged.
You slash the hound skeleton! You miss Tramtrist's ghost.
The hound skeleton bites you.
* * * LOW HITPOINT WARNING * * *
Menkaure rustles in an indecipherable tongue.
Menkaure hits you but does no damage. Tramtrist's ghost hits you!
You die...

#..## ##..##
##..## ##..##
##..## ,#
##..### * .##
##...#######...#
#......W.M....#
##.....Z@.....#
##..########.#*
#### * * * ,* *


You could see Menkaure, Tramtrist's ghost and a hound skeleton.

Vanquished Creatures
  3 ogres (D:4)
  A bullfrog (D:6)
  A water moccasin skeleton (D:4)
  2 scorpions
  A crimson imp (D:5)
  A bullfrog skeleton (D:5)
  2 hounds
  A centaur skeleton (D:5)
  An iguana (D:5)
  A hound zombie (D:6)
  3 gnolls
  4 adders
  An ooze (D:1)
  An adder zombie (D:5)
  A worm (D:5)
  2 dart slugs
  2 leopard geckos
  3 orcs
  2 ball pythons
  A giant cockroach (D:4)
  4 goblins
  2 hobgoblins
  7 jackals
  A quokka (D:3)
  A frilled lizard (D:3)
  A jackal skeleton (D:5)
  2 kobolds
  A quokka skeleton (D:4)
  2 rats (D:1)
55 creatures vanquished.

Notes
Turn   | Place    | Note
-------+----------+-------------------------------------------
     0 | D:1      | letownia2 the Deep Dwarf Necromancer began the quest for the Orb.
     0 | D:1      | Reached XP level 1. HP: 15/15 MP: 3/3
   358 | D:1      | Reached XP level 2. HP: 14/22 MP: 1/5
   491 | D:1      | Reached skill level 5 in Necromancy
   745 | D:3      | Reached XP level 3. HP: 8/28 MP: 4/6
   750 | D:3      | Learned a level 3 spell: Vampiric Draining
  1499 | D:4      | Noticed an ogre
  1679 | D:4      | Killed an ogre
  1679 | D:4      | Reached skill level 6 in Necromancy
  1679 | D:4      | Reached XP level 4. HP: 27/36 MP: 0/7
  1679 | D:4      | Reached XP level 5. HP: 32/42 MP: 0/8
  1756 | D:4      | Noticed an ogre
  1817 | D:4      | Reached skill level 7 in Necromancy
  1867 | D:4      | Noticed letownia2's ghost (amateur DDNe)
  1875 | D:4      | Got a smoking robe
  1890 | D:3      | Noticed TotoDurand's ghost (weakling DrFi)
  1988 | D:4      | Noticed an ogre
  1992 | D:4      | Killed an ogre
  1992 | D:4      | Reached XP level 6. HP: 28/49 MP: 2/10
  2562 | D:5      | Entered Level 5 of the Dungeon
  2581 | D:5      | Noticed Quirk's ghost (amateur MiFi)
  2669 | D:5      | Reached skill level 1 in Axes
  3097 | D:5      | Reached skill level 1 in Fighting
  3293 | D:5      | Reached XP level 7. HP: 21/57 MP: 6/13
  3572 | D:6      | Noticed Tramtrist's ghost (novice GrBe)
  3603 | D:6      | Noticed Menkaure
  3609 | D:6      | HP: 3/60 [hound skeleton (2)]
  3609 | D:6      | Slain by Tramtrist's ghost

Skill      XL: |  1  2  3  4  5  6  7 |
---------------+----------------------+-----
Spellcasting   | 2 3 4 |  4.1
Necromancy     | 5 6 7 |  7.8
Axes           | 1 2 |  2.6
Fighting       | 1 2 |  2.1
Dodging        | |  2.1
Stealth        | |  2.4

Action                   |  1- 3 |  4- 6 |  7- 9 || total
-------------------------+-------+-------+-------++-------
Melee: Unarmed           |     1 |       |       ||     1
       Short sword       |     4 |     2 |       ||     6
       War axe           |       |    46 |    26 ||    72
 Cast: Pain              |    52 |     9 |       ||    61
       Vampiric Draining |    13 |    15 |    14 ||    42
  Eat: Chunk             |     3 |     7 |     3 ||    13
Armor: Leather armour    |     7 |       |       ||     7
       Ring mail         |       |    28 |    20 ||    48
Dodge: Dodged            |    39 |    48 |    33 ||   120
